[Event "African Games-chT 2019"]
[Site "Casablanca"]
[Date "2019.08.24"]
[Round "3.9"]
[White "Zaibi, Amir"]
[Black "Gohil, Mehul"]
[Result "1/2-1/2"]
[ECO "E06"]
[WhiteElo "2367"]
[BlackElo "2076"]
[Annotator "NA"]
[PlyCount "35"]
[EventDate "2019.08.24"]
[EventType "team-tourn"]
[EventCountry "MAR"]
[SourceTitle "playchess.com"]
[Source "ChessBase"]
[SourceQuality "1"]
[WhiteTeam "Tunisia"]
[BlackTeam "Kenya"]
[WhiteTeamCountry "TUN"]
[BlackTeamCountry "KEN"]
[TimeControl "900+10"]

1. d4 d5 2. Nf3 Nf6 3. c4 e6 4. g3 Be7 5. Bg2 O-O 6. O-O dxc4 7. Qc2 b6 8. Ne5 Nd5 9. Qxc4 Ba6 10. Qc2 c5 11. dxc5 Bxc5 12. Nc3 Nd7 13. Nxd7 Qxd7 14. Rd1 Rac8 15. Bf4 Qe7 16. Bxd5 exd5 17. Nxd5 Qxe2 18. Qxe2 1/2-1/2

[Event "African Games-chT 2019"]
[Site "Casablanca"]
[Date "2019.08.24"]
[Round "3.10"]
[White "Sang, Ricky"]
[Black "Boudriga, Mohamed Ali"]
[Result "0-1"]
[ECO "B28"]
[WhiteElo "1971"]
[BlackElo "2325"]
[Annotator "NA"]
[PlyCount "90"]
[EventDate "2019.08.24"]
[EventType "team-tourn"]
[EventCountry "MAR"]
[SourceTitle "playchess.com"]
[Source "ChessBase"]
[SourceQuality "1"]
[WhiteTeam "Kenya"]
[BlackTeam "Tunisia"]
[WhiteTeamCountry "KEN"]
[BlackTeamCountry "TUN"]
[TimeControl "900+10"]

1. e4 c5 2. Nf3 a6 3. d4 cxd4 4. Nxd4 Nf6 5. Nc3 e5 6. Nb3 Bb4 7. Bd3 d5 8. exd5 Nxd5 9. Bd2 Nxc3 10. bxc3 Bd6 11. O-O O-O 12. c4 Nc6 13. c5 Bc7 14. Qh5 f5 15. Rad1 Be6 16. Bc3 Qe8 17. Qe2 Qf7 18. Nd2 Bxa2 19. Bc4 Bxc4 20. Nxc4 Rfe8 21. Nd6 Bxd6 22. Rxd6 a5 23. Rfd1 a4 24. Qb5 Re7 25. Rxc6 bxc6 26. Qxc6 Qe8 27. Qd5+ Kh8 28. Bb4 a3 29. c6 a2 30. Ra1 Rc7 31. Rxa2 Rxa2 32. Qxa2 Qxc6 33. c3 h6 34. h3 f4 35. Qd2 Rd7 36. Qe2 e4 37. Qh5 Qe6 38. Qc5 e3 39. fxe3 fxe3 40. c4 Rd1+ 41. Kh2 e2 42. Qf8+ Kh7 43. Qf2 e1=Q 44. Bxe1 Rxe1 45. Qc2+ Qe4 0-1

[Event "African Games-chT 2019"]
[Site "Casablanca"]
[Date "2019.08.24"]
[Round "3.11"]
[White "Marzouk, Amira"]
[Black "Ndirangu, Joyce Nyaruai"]
[Result "0-1"]
[ECO "A45"]
[WhiteElo "1698"]
[BlackElo "1662"]
[Annotator "NA"]
[PlyCount "140"]
[EventDate "2019.08.24"]
[EventType "team-tourn"]
[EventCountry "MAR"]
[SourceTitle "playchess.com"]
[Source "ChessBase"]
[SourceQuality "1"]
[WhiteTeam "Tunisia"]
[BlackTeam "Kenya"]
[WhiteTeamCountry "TUN"]
[BlackTeamCountry "KEN"]
[TimeControl "900+10"]

1. d4 Nf6 2. Bf4 e6 3. e3 b6 4. Nf3 Bb7 5. Nbd2 c5 6. c3 Nc6 7. Bd3 Ne7 8. h3 Ng6 9. Bh2 Be7 10. O-O O-O 11. a4 d5 12. Qe2 Ne4 13. Ba6 Bxa6 14. Qxa6 Nxd2 15. Nxd2 c4 16. a5 Bd6 17. Bxd6 Qxd6 18. axb6 Qxb6 19. Rfb1 Rfc8 20. b3 cxb3 21. Rxb3 Qc7 22. Ra5 Rcb8 23. Rc5 Qd7 24. Rxb8+ Rxb8 25. c4 dxc4 26. Nxc4 h6 27. Qc6 Rb1+ 28. Kh2 Qe7 29. Qc8+ Kh7 30. Rc7 Qf6 31. f3 Nh4 32. Ne5 Rb2 33. Rc2 Rxc2 34. Qxc2+ g6 35. Qc7 Kg7 36. Qxa7 Nf5 37. Ng4 Qh4 38. Qa2 Qg3+ 39. Kg1 h5 40. Qf2 hxg4 41. Qxg3 Nxg3 42. hxg4 Ne2+ 43. Kf2 Nc3 44. e4 Kf6 45. Ke3 g5 46. Kd3 Nb5 47. Kc4 Nc7 48. Kc5 Ke7 49. g3 f6 50. f4 Ne8 51. fxg5 fxg5 52. d5 Nf6 53. d6+ Kd7 54. e5 Nxg4 55. Kd4 Nh6 56. Ke4 Nf7 57. Kd4 Nd8 58. Ke4 Nc6 59. g4 Nb4 60. Kd4 Nc2+ 61. Ke4 Ne1 62. Ke3 Ng2+ 63. Kf3 Nh4+ 64. Ke4 Ng6 65. Kd4 Nh8 66. Ke4 Nf7 67. Kd4 Nh6 68. Ke4 Nxg4 69. Kf3 Nxe5+ 70. Ke4 Kxd6 0-1

[Event "African Games-chT 2019"]
[Site "Casablanca"]
[Date "2019.08.24"]
[Round "3.12"]
[White "Mongeli, Sasha"]
[Black "Miladi, Amen"]
[Result "0-1"]
[ECO "B23"]
[WhiteElo "1527"]
[BlackElo "1811"]
[Annotator "NA"]
[PlyCount "60"]
[EventDate "2019.08.24"]
[EventType "team-tourn"]
[EventCountry "MAR"]
[SourceTitle "playchess.com"]
[Source "ChessBase"]
[SourceQuality "1"]
[WhiteTeam "Kenya"]
[BlackTeam "Tunisia"]
[WhiteTeamCountry "KEN"]
[BlackTeamCountry "TUN"]
[TimeControl "900+10"]

1. e4 c5 2. Nc3 a6 3. Nf3 b5 4. d3 Bb7 5. Bf4 e6 6. a3 Be7 7. Be2 d5 8. exd5 exd5 9. O-O Nf6 10. Re1 O-O 11. Bg5 h6 12. Bf4 d4 13. Nb1 Nd5 14. Bg3 Bd6 15. Be5 Re8 16. Bf1 Bxe5 17. Nxe5 Nd7 18. Nxd7 Qxd7 19. Nd2 Rxe1 20. Qxe1 Re8 21. Qd1 Nf4 22. Nf3 Qg4 23. Kh1 Nh3 24. Ne1 Nxf2+ 25. Kg1 Nxd1 26. Nf3 Bxf3 27. h3 Qg6 28. Kh2 Re2 29. Rxd1 Rxg2+ 30. Bxg2 Qxg2# 0-1

[Event "African Games-chT 2019"]
[Site "Casablanca"]
[Date "2019.08.24"]
[Round "3.13"]
[White "Chumfwa, Stanley"]
[Black "Makoto, Rodwell"]
[Result "0-1"]
[ECO "C60"]
[WhiteElo "2317"]
[BlackElo "2373"]
[Annotator "NA"]
[PlyCount "94"]
[EventDate "2019.08.24"]
[EventType "team-tourn"]
[EventCountry "MAR"]
[SourceTitle "playchess.com"]
[Source "ChessBase"]
[SourceQuality "1"]
[WhiteTeam "Zambia"]
[BlackTeam "Zimbabwe"]
[WhiteTeamCountry "ZAM"]
[BlackTeamCountry "ZIM"]
[TimeControl "900+10"]

1. e4 e5 2. Nf3 Nc6 3. Bb5 g6 4. O-O Bg7 5. c3 a6 6. Ba4 d6 7. h3 Bd7 8. d4 Nf6 9. Re1 O-O 10. dxe5 dxe5 11. Nbd2 Qe7 12. Qe2 Nh5 13. Bc2 Nf4 14. Qf1 Rad8 15. Nb3 Nb4 16. Bb1 Bb5 17. c4 Ba4 18. Bxf4 exf4 19. e5 Nc6 20. Be4 b6 21. Qe2 Rfe8 22. c5 Bb5 23. Qc2 Nxe5 24. a4 Nxf3+ 25. Bxf3 Qxe1+ 26. Rxe1 Rxe1+ 27. Kh2 Bxa4 28. cxb6 cxb6 29. Qc7 Ree8 30. Na1 Bxb2 31. Qxb6 Bxa1 32. Qxa6 Rd4 33. Bd5 Bc3 34. Qb7 Rf8 35. h4 Be1 36. h5 Bxf2 37. h6 Bg3+ 38. Kh3 Rd3 39. Qb2 Be1+ 40. Bf3 Bd7+ 41. Kh2 Bc3 42. Qe2 Bf5 43. Qe7 Rfd8 44. Qc7 Bf6 45. Qxf4 R3d4 46. Qc7 Bg5 47. Qb7 Bxh6 0-1

[Event "African Games-chT 2019"]
[Site "Casablanca"]
[Date "2019.08.24"]
[Round "3.14"]
[White "Mushore, Emarald Takudzwa"]
[Black "Kayonde, Andrew"]
[Result "0-1"]
[ECO "B12"]
[WhiteElo "2198"]
[BlackElo "2384"]
[Annotator "NA"]
[PlyCount "92"]
[EventDate "2019.08.24"]
[EventType "team-tourn"]
[EventCountry "MAR"]
[SourceTitle "playchess.com"]
[Source "ChessBase"]
[SourceQuality "1"]
[WhiteTeam "Zimbabwe"]
[BlackTeam "Zambia"]
[WhiteTeamCountry "ZIM"]
[BlackTeamCountry "ZAM"]
[TimeControl "900+10"]

1. e4 c6 2. d4 d5 3. e5 c5 4. Nf3 cxd4 5. Qxd4 Nc6 6. Bb5 a6 7. Bxc6+ bxc6 8. Nc3 Bf5 9. Qa4 Bd7 10. Qf4 e6 11. O-O Rb8 12. a3 Nh6 13. b3 Be7 14. Re1 c5 15. Ne2 O-O 16. Qg3 Nf5 17. Qh3 a5 18. a4 Rc8 19. Bd2 c4 20. Ned4 Nxd4 21. Nxd4 cxb3 22. Qxb3 Rc4 23. c3 Qb8 24. Nb5 Rfc8 25. g3 h6 26. Qb1 Bc5 27. Qb2 Qb6 28. Be3 Bxe3 29. Rxe3 Rb8 30. Qa3 Bxb5 31. axb5 a4 32. Rb1 Qa5 33. Qe7 a3 34. Rf3 Rc7 35. Qd6 a2 36. Ra1 Rxb5 37. Rxa2 Rb1+ 38. Kg2 Qb5 39. Qa6 Qxa6 40. Rxa6 Rb3 41. Ra8+ Kh7 42. Rf8 Kg6 43. Rf4 h5 44. c4 dxc4 45. Ra8 c3 46. Rf3 Rb1 0-1

[Event "African Games-chT 2019"]
[Site "Casablanca"]
[Date "2019.08.24"]
[Round "3.15"]
[White "Mwango, Lorita"]
[Black "Shaba, Linda"]
[Result "0-1"]
[ECO "A40"]
[WhiteElo "1947"]
[BlackElo "1615"]
[Annotator "NA"]
[PlyCount "140"]
[EventDate "2019.08.24"]
[EventType "team-tourn"]
[EventCountry "MAR"]
[SourceTitle "playchess.com"]
[Source "ChessBase"]
[SourceQuality "1"]
[WhiteTeam "Zambia"]
[BlackTeam "Zimbabwe"]
[WhiteTeamCountry "ZAM"]
[BlackTeamCountry "ZIM"]
[TimeControl "900+10"]

1. d4 e6 2. Nf3 Nf6 3. Bf4 d5 4. e3 c5 5. c3 Nc6 6. Be2 Be7 7. O-O Nh5 8. Bg3 Nxg3 9. hxg3 O-O 10. Nbd2 Bd7 11. Rc1 c4 12. e4 a6 13. Qc2 Rc8 14. Kh2 f5 15. exd5 exd5 16. Rh1 f4 17. gxf4 Rxf4 18. Kg1 Bf5 19. Qd1 Bg6 20. g3 Rf7 21. Nh4 Bxh4 22. Rxh4 Qf6 23. Rh2 Rcf8 24. Nf3 Be4 25. Nd2 Bg6 26. Nf1 Ne7 27. Ne3 Qd6 28. Ng4 Nc6 29. Qd2 Bf5 30. Qg5 Qg6 31. Qxg6 Bxg6 32. Ne5 Nxe5 33. dxe5 Be4 34. f4 g5 35. Bh5 Rg7 36. e6 gxf4 37. Bf7+ Rfxf7 38. exf7+ Kxf7 39. Rh3 Rxg3+ 40. Rxg3 fxg3 41. Rf1+ Ke6 42. Rf8 Ke5 43. Rf7 h5 44. Rg7 Kf4 45. Rxb7 h4 46. Rf7+ Ke3 47. Rg7 Kf3 48. Rf7+ Ke2 49. Rg7 Ke3 50. Rg4 g2 51. Rxh4 Kd2 52. Rf4 Kc2 53. Rf2+ Kb1 54. a3 Ka2 55. Rd2 a5 56. Kf2 a4 57. Kg1 Kb3 58. Kf2 Bc2 59. Kxg2 Kxb2 60. Kf2 Kxa3 61. Rxd5 Kb3 62. Ra5 Kxc3 63. Ke3 Bb3 64. Ra7 Kb2 65. Rc7 a3 66. Kd4 a2 67. Ra7 a1=Q 68. Rxa1 Kxa1 69. Kc3 Kb1 70. Kd2 Kb2 0-1

[Event "African Games-chT 2019"]
[Site "Casablanca"]
[Date "2019.08.24"]
[Round "3.16"]
[White "Wakuruwarewa, Colletta"]
[Black "Mululu Linah"]
[Result "0-1"]
[ECO "B43"]
[WhiteElo "1587"]
[BlackElo "1633"]
[Annotator "NA"]
[PlyCount "88"]
[EventDate "2019.08.24"]
[EventType "team-tourn"]
[EventCountry "MAR"]
[SourceTitle "playchess.com"]
[Source "ChessBase"]
[SourceQuality "1"]
[WhiteTeam "Zimbabwe"]
[BlackTeam "Zambia"]
[WhiteTeamCountry "ZIM"]
[BlackTeamCountry "ZAM"]
[TimeControl "900+10"]

1. e4 c5 2. Nf3 e6 3. Nc3 a6 4. d4 cxd4 5. Nxd4 Qc7 6. Bd3 Nf6 7. h3 Nc6 8. Nf3 d6 9. O-O Be7 10. a3 b5 11. Re1 Bb7 12. Bf4 Nd7 13. Ne2 Rd8 14. Rc1 O-O 15. Ng3 Nde5 16. c3 Nxd3 17. Qxd3 Ne5 18. Qe2 Ng6 19. Be3 d5 20. exd5 Bxd5 21. Nd4 Nf4 22. Bxf4 Qxf4 23. Rcd1 Bh4 24. Nh1 Bf6 25. Qe3 Qh4 26. Nf3 Qh5 27. Ng3 Qg6 28. Qd3 Bxf3 29. Qxf3 Qc2 30. Qe2 Qg6 31. Ne4 Be5 32. Nc5 Bc7 33. Nxa6 Rxd1 34. Rxd1 Bf4 35. Qxb5 Qc2 36. Rf1 h6 37. Qc4 e5 38. b4 Rd8 39. Nc5 Rd2 40. Qb3 Qf5 41. a4 e4 42. a5 e3 43. fxe3 Bxe3+ 44. Kh2 Qxf1 0-1

[Event "African Games-chT 2019"]
[Site "Casablanca"]
[Date "2019.08.24"]
[Round "3.17"]
[White "Aderito, Pedro"]
[Black "Adu, Oladapo"]
[Result "0-1"]
[ECO "B51"]
[WhiteElo "2301"]
[BlackElo "2273"]
[Annotator "NA"]
[PlyCount "180"]
[EventDate "2019.08.24"]
[EventType "team-tourn"]
[EventCountry "MAR"]
[SourceTitle "playchess.com"]
[Source "ChessBase"]
[SourceQuality "1"]
[WhiteTeam "Angola"]
[BlackTeam "Nigeria"]
[WhiteTeamCountry "ANG"]
[BlackTeamCountry "NGR"]
[TimeControl "900+10"]

1. e4 c5 2. Nf3 d6 3. Bb5+ Nd7 4. O-O Ngf6 5. Re1 e6 6. c3 a6 7. Bf1 b6 8. d4 Be7 9. e5 dxe5 10. dxe5 Nd5 11. a4 Bb7 12. Na3 Qc7 13. Bd3 h6 14. Qe2 Qc6 15. Nc4 Qc7 16. h4 Rd8 17. Bd2 Nb8 18. h5 Nc6 19. Qe4 Nxc3 20. Bxc3 Nb4 21. Nd6+ Bxd6 22. exd6 Rxd6 23. Qg4 Nxd3 24. Qxg7 Rf8 25. Re3 Qc6 26. Qxh6 c4 27. Qg7 Rd7 28. Bf6 Nf4 29. Ne5 Nxh5 30. Qxf8+ Kxf8 31. Nxc6 Nxf6 32. Ne5 Rd2 33. Nxc4 Rc2 34. Rc3 Re2 35. Kf1 Re4 36. f3 Rh4 37. Kf2 Nd5 38. Rcc1 Rd4 39. Nd6 Ba8 40. Rc8+ Ke7 41. Rxa8 Kxd6 42. Rxa6 Kc6 43. Rc1+ Kb7 44. Rxb6+ Kxb6 45. b3 Rb4 46. Rb1 Nc3 47. Rh1 Rxb3 48. Rh7 f6 49. Rf7 Nd5 50. g4 Kc6 51. Ra7 Kd6 52. a5 Ra3 53. Kg3 Nb4 54. Rf7 Ke5 55. Rb7 Nd5 56. Rb5 Kd6 57. Rb8 Rxa5 58. Rg8 Ra3 59. g5 fxg5 60. Rxg5 Ne7 61. Rb5 Nd5 62. Rb8 Ke5 63. Rb5 Ra7 64. Rc5 Rg7+ 65. Kf2 Kd4 66. Ra5 Ke5 67. Rc5 Kf5 68. Ra5 Rc7 69. Kg3 Rc2 70. Rb5 Rd2 71. Ra5 e5 72. Ra8 Nf4 73. Rf8+ Kg5 74. Rg8+ Ng6 75. Rb8 Ne7 76. Re8 Nf5+ 77. Kh3 Kf4 78. Rf8 Rf2 79. Rf7 Rxf3+ 80. Kg2 e4 81. Rf8 Ke3 82. Rb8 Nh4+ 83. Kg1 Ng6 84. Rb6 Ne5 85. Rb3+ Nd3 86. Kg2 Rf7 87. Ra3 Kf4 88. Ra1 Rg7+ 89. Kf1 Kf3 90. Ra8 Rb7 {[%emt 0:00:04] Ke1} 0-1

[Event "African Games-chT 2019"]
[Site "Casablanca"]
[Date "2019.08.24"]
[Round "3.18"]
[White "Osunfuyi, Abimbola"]
[Black "Silva, David"]
[Result "1/2-1/2"]
[ECO "A49"]
[WhiteElo "2235"]
[BlackElo "2239"]
[Annotator "NA"]
[PlyCount "215"]
[EventDate "2019.08.24"]
[EventType "team-tourn"]
[EventCountry "MAR"]
[SourceTitle "playchess.com"]
[Source "ChessBase"]
[SourceQuality "1"]
[WhiteTeam "Nigeria"]
[BlackTeam "Angola"]
[WhiteTeamCountry "NGR"]
[BlackTeamCountry "ANG"]
[TimeControl "900+10"]

1. d4 Nf6 2. Nf3 g6 3. g3 Bg7 4. Bg2 O-O 5. O-O d6 6. b3 Nbd7 7. Bb2 e5 8. c4 e4 9. Ng5 e3 10. f4 Nb6 11. Nc3 c6 12. a4 h6 13. Nge4 Nxe4 14. Bxe4 Bh3 15. Bg2 Bxg2 16. Kxg2 Re8 17. Qd3 d5 18. c5 Nd7 19. Rf3 b6 20. cxb6 Qxb6 21. Nd1 Rab8 22. Rc1 Qxb3 23. Qxb3 Rxb3 24. Rxc6 Nb6 25. a5 Nc4 26. Bc3 Rb1 27. Rf1 Rc1 28. a6 Nd2 29. Rg1 Bxd4 30. Rxg6+ fxg6 31. Bxd4 Nc4 32. Bxa7 Ra1 33. Bd4 Rxa6 34. Nc3 Nd2 35. g4 Rc6 36. Rd1 Rc4 37. Nb5 Rc2 38. Nd6 Re6 39. Be5 Rxd6 40. Bxd6 Nc4 41. Rxd5 Rxe2+ 42. Kf3 Rd2 43. Rc5 Rf2+ 44. Ke4 Nxd6+ 45. Kxe3 Rd2 46. h4 Rd1 47. h5 gxh5 48. Rxh5 Kg7 49. g5 Nf5+ 50. Ke2 Rd6 51. gxh6+ Nxh6 52. Kf3 Kg6 53. Rg5+ Kf6 54. Ra5 Nf5 55. Ke4 Rd4+ 56. Kf3 Nd6 57. Re5 Nc4 58. Rc5 Nd6 59. Re5 Rd1 60. Rc5 Rf1+ 61. Kg4 Rd1 62. Kf3 Rf1+ 63. Kg4 Rg1+ 64. Kf3 Nf5 65. Rc6+ Ke7 66. Ke4 Nd6+ 67. Kd5 Rd1+ 68. Ke5 Re1+ 69. Kd5 Nf5 70. Ra6 Kf7 71. Rb6 Ne7+ 72. Kd4 Ng6 73. f5 Ne7 74. f6 Ng8 75. Rb7+ Kxf6 76. Rb6+ Kf7 77. Rb3 Ne7 78. Rf3+ Kg6 79. Rg3+ Kf6 80. Rf3+ Nf5+ 81. Kd3 Re8 82. Rf4 Re3+ 83. Kd2 Rh3 84. Ra4 Nd6 85. Ke2 Kf5 86. Ra5+ Kf4 87. Ra8 Ke4 88. Rd8 Nc4 89. Re8+ Ne5 90. Ra8 Rh2+ 91. Kf1 Kf4 92. Ra7 Ng4 93. Rf7+ Kg3 94. Rg7 Rb2 95. Ke1 Kf3 96. Rf7+ Ke4 97. Rh7 Nf2 98. Re7+ Kf3 99. Rf7+ Ke3 100. Kf1 Nd3 101. Re7+ Kf3 102. Kg1 Nf4 103. Rf7 Rb6 104. Rf8 Rb1+ 105. Kh2 Rf1 106. Rf7 Rf2+ 107. Kg1 Rd2 108. Rf8 1/2-1/2

[Event "African Games-chT 2019"]
[Site "Casablanca"]
[Date "2019.08.24"]
[Round "3.20"]
[White "Ofowino, Toritsemuwa"]
[Black "Pires, Luzia"]
[Result "1-0"]
[ECO "D00"]
[WhiteElo "1877"]
[BlackElo "1924"]
[Annotator "NA"]
[PlyCount "111"]
[EventDate "2019.08.24"]
[EventType "team-tourn"]
[EventCountry "MAR"]
[SourceTitle "playchess.com"]
[Source "ChessBase"]
[SourceQuality "1"]
[WhiteTeam "Nigeria"]
[BlackTeam "Angola"]
[WhiteTeamCountry "NGR"]
[BlackTeamCountry "ANG"]
[TimeControl "900+10"]

1. d4 d5 2. Bf4 e6 3. Nf3 Nf6 4. e3 Be7 5. Bd3 O-O 6. Nbd2 c5 7. c3 h6 8. O-O b6 9. e4 dxe4 10. Nxe4 Nbd7 11. dxc5 Nxc5 12. Nxc5 Bxc5 13. Qe2 Bb7 14. Rad1 Qe7 15. b4 Bxf3 16. Qxf3 e5 17. bxc5 exf4 18. cxb6 axb6 19. Bb1 Qe5 20. Rfe1 Qg5 21. Rd4 Rfe8 22. Red1 Qe5 23. h3 g5 24. Qc6 Rab8 25. Qd6 Qxd6 26. Rxd6 Kg7 27. Kf1 Re7 28. Rc6 b5 29. Rc5 b4 30. cxb4 Rxb4 31. Rcc1 Rb2 32. Rc2 Rb4 33. Rcd2 Reb7 34. Bc2 Ra7 35. Bb3 Re7 36. Re1 Rc7 37. Rde2 Rbb7 38. Rd1 Ra7 39. Re5 Re7 40. Rxe7 Rxe7 41. Re1 Ne4 42. f3 Nd2+ 43. Kf2 Rxe1 44. Kxe1 Nb1 45. Kd1 Na3 46. Kd2 Kf6 47. Kc3 Ke7 48. Kb4 Nb1 49. a4 f6 50. a5 Kd7 51. Kc5 Kc7 52. Bd5 Nc3 53. Bc4 Kb7 54. Kd6 Nd1 55. Ke7 Ne3 56. Be6 1-0

[Event "African Games-chT 2019"]
[Site "Casablanca"]
[Date "2019.08.24"]
[Round "3.21"]
[White "Rita, Jeorciley"]
[Black "Amba, Oyon Marius Claude"]
[Result "0-1"]
[ECO "A46"]
[WhiteElo "1920"]
[BlackElo "1911"]
[Annotator "NA"]
[PlyCount "64"]
[EventDate "2019.08.24"]
[EventType "team-tourn"]
[EventCountry "MAR"]
[SourceTitle "playchess.com"]
[Source "ChessBase"]
[SourceQuality "1"]
[WhiteTeam "STP"]
[BlackTeam "CMR"]
[TimeControl "900+10"]

1. d4 Nf6 2. Nf3 c5 3. Bf4 cxd4 4. Nxd4 a6 5. c3 Nc6 6. Nxc6 bxc6 7. Nd2 Qb6 8. Qc2 d5 9. e3 Nh5 10. Bg3 g6 11. Be2 Nxg3 12. hxg3 Bg7 13. Nf3 Rb8 14. O-O-O e5 15. Ng5 h6 16. Nh3 Bf5 17. Bd3 Bg4 18. f3 Qxe3+ 19. Kb1 Be6 20. g4 O-O 21. Bxa6 Qa7 22. Be2 d4 23. c4 d3 24. Rxd3 e4 25. Rb3 exf3 26. gxf3 Rxb3 27. axb3 Ra8 28. Qc1 h5 29. Nf4 Bh6 30. Kc2 Qb8 31. g5 Bxg5 32. Rh4 Bf5+ 0-1

[Event "African Games-chT 2019"]
[Site "Casablanca"]
[Date "2019.08.24"]
[Round "3.22"]
[White "Ebosse, Kingue Victor Patric"]
[Black "Espirito Santo, Waldyr"]
[Result "1-0"]
[ECO "C65"]
[WhiteElo "2055"]
[BlackElo "1923"]
[Annotator "NA"]
[PlyCount "59"]
[EventDate "2019.08.24"]
[EventType "team-tourn"]
[EventCountry "MAR"]
[SourceTitle "playchess.com"]
[Source "ChessBase"]
[SourceQuality "1"]
[WhiteTeam "CMR"]
[BlackTeam "STP"]
[TimeControl "900+10"]

1. e4 e5 2. Nf3 Nc6 3. Bb5 Nf6 4. d3 d6 5. O-O Bd7 6. c3 Be7 7. Re1 O-O 8. Nbd2 a6 9. Ba4 b5 10. Bc2 Bg4 11. h3 Bh5 12. Nf1 Na5 13. Ng3 Bg6 14. Nh4 Re8 15. Nhf5 Bf8 16. Qf3 c5 17. Bg5 Nc6 18. Rad1 Rc8 19. h4 h6 20. Nxh6+ Kh7 21. Ng4 Be7 22. Bxf6 Kg8 23. Bxe7 Qxe7 24. h5 Bh7 25. h6 Qg5 26. hxg7 Kxg7 27. Nf6 Rh8 28. Nxh7 Rxh7 29. Qf5 Qd8 30. Re3 1-0

[Event "African Games-chT 2019"]
[Site "Casablanca"]
[Date "2019.08.24"]
[Round "3.24"]
[White "Caxita, Esperanca"]
[Black "Ogbiyoyo, Perpetual Eloho"]
[Result "1-0"]
[ECO "D10"]
[WhiteElo "1803"]
[BlackElo "1831"]
[Annotator "NA"]
[PlyCount "53"]
[EventDate "2019.08.24"]
[EventType "team-tourn"]
[EventCountry "MAR"]
[SourceTitle "playchess.com"]
[Source "ChessBase"]
[SourceQuality "1"]
[WhiteTeam "Angola"]
[BlackTeam "Nigeria"]
[WhiteTeamCountry "ANG"]
[BlackTeamCountry "NGR"]
[TimeControl "900+10"]

1. d4 d5 2. c4 c6 3. cxd5 cxd5 4. Nf3 Nc6 5. Nc3 Nf6 6. e3 e6 7. a3 Bd6 8. Bd3 e5 9. dxe5 Bxe5 10. Nxe5 Nxe5 11. Bb5+ Bd7 12. Qd4 Nc6 13. Qd3 a6 14. Bxc6 Bxc6 15. O-O O-O 16. Re1 Qc7 17. h3 Rfe8 18. Bd2 Re7 19. Re2 d4 20. exd4 Rxe2 21. Qxe2 Re8 22. Qd3 Be4 23. Nxe4 Nxe4 24. Re1 Qc6 25. d5 Qg6 26. f3 Nc5 27. Rxe8# 1-0

[Event "African Games-chT 2019"]
[Site "Casablanca"]
[Date "2019.08.24"]
[Round "3.25"]
[White "Beukes, Dante M"]
[Black "Mesfin, Leykun"]
[Result "1-0"]
[ECO "B90"]
[WhiteElo "2130"]
[BlackElo "2151"]
[Annotator "NA"]
[PlyCount "61"]
[EventDate "2019.08.24"]
[EventType "team-tourn"]
[EventCountry "MAR"]
[SourceTitle "playchess.com"]
[Source "ChessBase"]
[SourceQuality "1"]
[WhiteTeam "Namibia"]
[BlackTeam "Ethiopia"]
[WhiteTeamCountry "NAM"]
[BlackTeamCountry "ETH"]
[TimeControl "900+10"]

1. e4 c5 2. Nf3 d6 3. d4 cxd4 4. Nxd4 Nf6 5. Nc3 a6 6. h4 e5 7. Nb3 Be6 8. f4 Nc6 9. f5 Bxb3 10. axb3 Rc8 11. Bg5 Be7 12. Bc4 Nd4 13. Be3 Qb6 14. O-O O-O 15. g4 Rxc4 16. bxc4 Qxb2 17. Na4 Qxc2 18. Bxd4 Qxd1 19. Raxd1 exd4 20. g5 Ng4 21. Rxd4 Rc8 22. Nb6 Rc6 23. Nd5 Bf8 24. Rb1 Ne5 25. Rxb7 Nf3+ 26. Kf2 Nxd4 27. Rb8 f6 28. g6 hxg6 29. fxg6 Ne6 30. Ne7+ Kh8 31. Nxc6 1-0

[Event "African Games-chT 2019"]
[Site "Casablanca"]
[Date "2019.08.24"]
[Round "3.26"]
[White "Gole, Habtamu Ashenafi"]
[Black "Eichab, Charles"]
[Result "1/2-1/2"]
[ECO "C05"]
[WhiteElo "2046"]
[BlackElo "2016"]
[Annotator "NA"]
[PlyCount "194"]
[EventDate "2019.08.24"]
[EventType "team-tourn"]
[EventCountry "MAR"]
[SourceTitle "playchess.com"]
[Source "ChessBase"]
[SourceQuality "1"]
[WhiteTeam "Ethiopia"]
[BlackTeam "Namibia"]
[WhiteTeamCountry "ETH"]
[BlackTeamCountry "NAM"]
[TimeControl "900+10"]

1. e4 e6 2. d4 d5 3. Nd2 Nf6 4. e5 Nfd7 5. f4 c5 6. c3 Nc6 7. Ngf3 Qb6 8. Nb3 a5 9. a4 Be7 10. Be2 O-O 11. O-O f6 12. Kh1 c4 13. Nbd2 Qd8 14. Ng1 Nb6 15. Qe1 Bd7 16. Bd1 Qe8 17. Bc2 Nd8 18. Qd1 Nf7 19. Ndf3 Nh6 20. Ne2 f5 21. Ng3 Qg6 22. Qe1 Ng4 23. h3 Nh6 24. Kh2 Qe8 25. Qd1 Qg6 26. Bd2 Ra6 27. Nh1 Raa8 28. g4 Qe8 29. g5 Nf7 30. Ng3 Nh8 31. h4 h5 32. gxh6 gxh6 33. Rg1 Kh7 34. Nh5 Rg8 35. Rxg8 Qxg8 36. Qe2 Qf7 37. Rg1 Rg8 38. Kh3 Be8 39. Ng3 Nxa4 40. Be3 Nb6 41. Qd1 Rg7 42. Qb1 Kg8 43. Kh2 Kf8 44. Qd1 Rg4 45. Kh3 Ng6 46. Ne2 Nxh4 47. Nh2 Rxg1 48. Nxg1 Qg6 49. Qe2 Qg7 50. Qf2 h5 51. Bd1 Bd8 52. Nhf3 Qg4+ 53. Kh2 Nxf3+ 54. Nxf3 Qg7 55. Ng5 Bxg5 56. fxg5 Bg6 57. Bf4 Nc8 58. Qc2 Qd7 59. Be2 b5 60. Kg3 b4 61. Qd1 Qe8 62. Kh4 b3 63. Qa1 a4 64. Qa3+ Kg7 65. Qb4 Qe7 66. Qxa4 Nb6 67. Qc6 Nd7 68. Qc7 Qf7 69. Qd6 Nf8 70. Qd8 Nd7 71. Bd1 Kh7 72. Qc7 Kg7 73. Qa5 Qe8 74. Qa4 Qf7 75. Qa1 Qe8 76. Bf3 Nf8 77. Qa7+ Nd7 78. Qa1 Nf8 79. Qd1 Qf7 80. Qg1 Qe8 81. Qg2 Qf7 82. Qe2 Kh7 83. Qd1 Kg7 84. Qa1 Qb7 85. Qa4 Qd7 86. Qb4 Qf7 87. Qd6 Qd7 88. Bxh5 Bxh5 89. Kxh5 Qf7+ 90. Kh4 Ng6+ 91. Kg3 Nxf4 92. Kxf4 Qh5 93. Qe7+ Kh8 94. Qf6+ Kh7 95. Qe7+ Kh8 96. Qf8+ Kh7 97. Qe7+ Kh8 1/2-1/2

[Event "African Games-chT 2019"]
[Site "Casablanca"]
[Date "2019.08.24"]
[Round "3.27"]
[White "Tjaronda, Nicola"]
[Black "Haile, Lidet Abate"]
[Result "1-0"]
[ECO "A20"]
[WhiteElo "1545"]
[BlackElo "1593"]
[Annotator "NA"]
[PlyCount "169"]
[EventDate "2019.08.24"]
[EventType "team-tourn"]
[EventCountry "MAR"]
[SourceTitle "playchess.com"]
[Source "ChessBase"]
[SourceQuality "1"]
[WhiteTeam "Namibia"]
[BlackTeam "Ethiopia"]
[WhiteTeamCountry "NAM"]
[BlackTeamCountry "ETH"]
[TimeControl "900+10"]

1. c4 e5 2. g3 Nc6 3. Bg2 Bc5 4. d3 h6 5. Nc3 Nf6 6. Nf3 d6 7. O-O O-O 8. a3 a6 9. b4 Ba7 10. Bd2 Bg4 11. Qc1 Kh7 12. Be3 Qe7 13. Bxa7 Nxa7 14. Qe3 Bh5 15. Nd2 Nc6 16. Nde4 Rab8 17. Nxf6+ Qxf6 18. Bxc6 bxc6 19. Qe4+ Bg6 20. Qxc6 Rfe8 21. Qxc7 e4 22. Nxe4 Bxe4 23. dxe4 Rbc8 24. Qd7 Red8 25. Qf5+ Qxf5 26. exf5 Rxc4 27. f3 Rc2 28. Kf2 d5 29. Rfc1 Rc4 30. Rxc4 dxc4 31. Rc1 Rc8 32. e4 c3 33. Rc2 g6 34. fxg6+ Kxg6 35. Ke3 f5 36. e5 h5 37. Kd4 h4 38. Rxc3 Rd8+ 39. Ke3 hxg3 40. hxg3 Kg5 41. Rc6 Ra8 42. e6 Kf6 43. Kf4 a5 44. e7+ Kxe7 45. Kxf5 Rf8+ 46. Ke4 axb4 47. axb4 Rb8 48. Rc4 Kf6 49. f4 Re8+ 50. Kf3 Rb8 51. g4 Ra8 52. g5+ Kf5 53. Rc5+ Kg6 54. Kg4 Ra1 55. Rc6+ Kg7 56. Kf5 Rb1 57. Rb6 Rd1 58. Rb7+ Kg8 59. b5 Rd6 60. Re7 Kf8 61. Re6 Rd5+ 62. Re5 Rd6 63. g6 Kg7 64. Re7+ Kf8 65. g7+ Kg8 66. Rb7 Rh6 67. Kg5 Rg6+ 68. Kf5 Rh6 69. Rb8+ Kxg7 70. b6 Rf6+ 71. Ke5 Rf7 72. b7 Re7+ 73. Kd6 Rf7 74. Rg8+ Kxg8 75. b8=Q+ Kg7 76. Kd5 Rf5+ 77. Ke4 Rf7 78. f5 Re7+ 79. Kf4 Kf6 80. Qd6+ Kf7 81. Kg5 Re8 82. f6 Rg8+ 83. Kf5 Re8 84. Qd7+ Kf8 85. Qg7# 1-0